 Dungeon Crawl Stone Soup version 0.31-a0-726-g3c93526463 (webtiles) character file.

Game seed: 1774404391323094235

154 Descartes the Sneak (level 5, -1/22 HPs)
             Began as a Felid Shapeshifter on Sept 11, 2023.
             Killed from afar by Sigmund (8 damage)
             ... with a puff of flame
             ... on level 3 of the Dungeon.
             The game lasted 00:04:56 (2013 turns).

Descartes the Sneak (Felid Shapeshifter)            Turns: 2013, Time: 00:04:57

Health: -1/22      AC:  1    Str: 12    XL:     5   Next: 13%
Magic:  6/6        EV: 18    Int: 12    God:
Gold:   95         SH:  0    Dex: 15    Spells: 4/4 levels left
                                        Lives:  0   Deaths: 2

rFire   . .          .
                       - Unarmed
rCold   . . .        (shield unavailable)
rNeg    . . .        (body armour unavailable)
rPois   .            (helmet unavailable)
rElec   .            (cloak unavailable)
rCorr   .            (gloves unavailable)
SInv    +            (boots unavailable)
Will    .....        (no amulet)
Stlth   +++          (no ring)
HPRegen 0.23/turn    (no ring)
MPRegen 0.10/turn

%: no passive effects
@: beast-form, quick
A: beast (slay +2), very small, claws 1, fangs 3, see invisible, speed 1, shaggy
fur 1, stealthy paws, no weapons or thrown items, no armour, multi-lived
a: Begin Untransformation


You were on level 3 of the Dungeon.
You were a hulking beast.
You visited 1 branch of the dungeon, and saw 3 of its levels.

You collected 95 gold pieces.

Inventory:

Jewellery
 l - a +6 ring of intelligence
Talismans
 b - a beast talisman (active)
 c - a flux talisman
 h - a serpent talisman
 k - a maw talisman
Wands
 i - a wand of roots (1)
Scrolls
 d - 5 scrolls of identify {unknown}
 e - a scroll of teleportation {unknown}
 f - a scroll of fog {unknown}
 g - a scroll of poison {unknown}
 j - a scroll of amnesia {unknown}
Potions
 a - a potion of might {unknown}
 m - 2 potions of cancellation {unknown}


   Skills:
 + Level 2.1 Fighting
 + Level 3.7 Dodging
 * Level 4.1 Stealth
 + Level 3.6 Unarmed Combat
 + Level 3.8 Shapeshifting


You had 4 spell levels left.
You didn't know any spells.
Your spell library contained the following spells:

 Spells                   Type           Power      Damage    Failure   Level
 Lesser Beckoning         Tloc           0%         N/A       45%         2
 Wereblood                Tmut           0%         N/A       45%         2
 Ignite Poison            Fire/Tmut/Pois 0%         N/A       69%         3
 Dispersal                Tloc           0%         N/A       100%        6


Dungeon Overview and Level Annotations

Branches:
Dungeon (3/15)

Altars:
Nemelex Xobeh

Annotations:
D:3 Sigmund


Innate Abilities, Weirdness & Mutations

You are a hulking beast.
Your limbs bulge with bestial killing power. (Slay +2)
You have sharp claws.
You have razor-sharp teeth.
You have supernaturally acute eyesight. (SInv)
You cover ground quickly. (Speed+)
You are covered in fur. (AC +1)
Your paws help you pounce on unaware monsters.
You are incapable of wielding weapons or throwing items.
You cannot wear armour.
You gain extra lives every three experience levels.


Message History

A frilled lizard is nearby!
You scratch the frilled lizard.
You kill the frilled lizard!
Sigmund and a bat come into view.
Sigmund is wielding a +0 scythe and carrying a wand of flame.
The bat moves out of view.
Sigmund is nearby!
You open the door. You closely miss the bat. You bite the bat.
You kill the bat!
There is an open door here.
Sigmund shouts!
Sigmund misses you.
You claw Sigmund! You bite Sigmund.
Sigmund is heavily wounded.
You closely miss Sigmund.
Sigmund is heavily wounded.
Sigmund zaps a wand.
The puff of flame hits you!
Ouch! That really hurt!
You scratch Sigmund.
Sigmund is severely wounded.
Sigmund screams, "I am the angel of ZOT!!!"
Sigmund gestures at you while chanting. The magic dart hits you.
* * * LOW HITPOINT WARNING * * *
You scratch Sigmund.
Sigmund is almost dead.
Sigmund misses you.
You barely miss Sigmund.
Sigmund is almost dead.
Sigmund barely misses you.
Unknown command.
You scratch Sigmund.
Sigmund is almost dead.
You closely miss Sigmund.
Sigmund is almost dead.
Sigmund casts a spell at you. The puff of flame hits you!
You die...
Sigmund begins carving another notch in his scythe.

### ..# ########### ..#
#..........
..############..........
.............'..h@......
..#####.######..........
..# #.# #.......... ###
#.# ##.......... # #.#
#...........
#######.#####.#####...##
..................#...#
.######.....†.........#
......#######.####....


You could see Sigmund.

Vanquished Creatures
  An iguana (D:3)
  Terence (D:2)
  Jessica (D:2)
  2 adders (D:2)
  A dart slug (D:1)
  8 endoplasms
  A giant cockroach (D:2)
  6 goblins
  2 hobgoblins (D:2)
  4 jackals (D:1)
  2 quokkas
  3 ball pythons (D:2)
  8 bats
  8 frilled lizards
  5 kobolds
  A rat (D:1)
54 creatures vanquished.

Notes
Turn   | Place    | Note
-------+----------+-------------------------------------------
     0 | D:1      | Descartes the Felid Shapeshifter began the quest for the
                  | Orb.
     0 | D:1      | Reached XP level 1. HP: 9/9 MP: 2/2
    76 | D:1      | Reached skill level 1 in Stealth
   148 | D:1      | Reached XP level 2. HP: 12/12 MP: 3/3
   957 | D:2      | Reached skill level 2 in Stealth
   991 | D:2      | Noticed Terence
   998 | D:2      | Slain by Terence
  1023 | D:2      | Reached XP level 3. HP: 5/15 MP: 4/4
  1409 | D:2      | Killed Terence
  1410 | D:2      | Reached skill level 3 in Stealth
  1410 | D:2      | Reached XP level 4. HP: 19/19 MP: 5/5
  1521 | D:2      | Noticed Jessica
  1523 | D:2      | Killed Jessica
  1613 | D:3      | Found a sparkling altar of Nemelex Xobeh.
  1632 | D:3      | Mangled by an iguana
  1645 | D:3      | Reached XP level 5. HP: 10/22 MP: 6/6
  1795 | D:3      | Reached skill level 4 in Stealth
  1925 | D:3      | Got the Parchment of Glowing Coordinates
  1984 | D:3      | Noticed Sigmund
  2013 | D:3      | Killed from afar by Sigmund

Illustrated notes

Levels and vault maps discovered:
D:1:      spicycebolla_green_bress_n_ham, layout_loops_corners
D:2:      layout_basic, hangedman_decor_diamond_cutter, uniq_jessica,
          uniq_terence
D:3:      layout_basic, lemuel_crystal_altar, uniq_sigmund

Skill      XL: |  1  2  3  4  5 |
---------------+----------------+-----
Stealth        | 1 2 3 4 |  4.1
Dodging        | 3 |  3.7
Fighting       | 2 |  2.1
Unarmed Combat | |  3.6
Shapeshifting  | |  3.8

Action                     |  1- 3 |  4- 6 || total
---------------------------+-------+-------++-------
  Melee: Unarmed           |   101 |    47 ||   148
         Bite              |    10 |     6 ||    16
         Punch             |     2 |       ||     2
    Use: Potion            |     1 |       ||     1
   Stab: Sleeping          |     4 |     1 ||     5
 Armour: Skin              |    28 |    15 ||    43
  Dodge: Dodged            |    61 |    48 ||   109

Table legend: (Time is in decaauts)
 A = Elapsed time spent in this place.
 B = Non-inter-level travel time spent in this place.
 C = Inter-level travel time spent in this place.
 D = Time resting spent in this place.
 E = Time spent auto-exploring this place.
 F = Levels seen in this place.
 G = Mean time per level.
                   A        B        C        D        E       F      G
               +--------+--------+--------+--------+--------+-----+--------+
         Total |   1697 |   1620 |     77 |      0 |   1285 |   3 |  565.7 |
       Dungeon |   1697 |   1620 |     77 |      0 |   1285 |   3 |  565.7 |
               +--------+--------+--------+--------+--------+-----+--------+

Top non-repeatable levels by time:
     D:1: 763 daAuts
     D:2: 640 daAuts
     D:3: 293 daAuts
